 Dungeon Crawl Stone Soup version 0.31-a0-865-g3d5d91748a (webtiles) character file.

Game seed: 842790663395070562

566 gelatine the Chopper (level 7, -5/51 HPs)
             Began as a Demonspawn Gladiator on Oct 10, 2023.
             Slain by an ogre
             ... wielding a +5 giant club
              (6 damage)
             ... on level 4 of the Dungeon.
             The game lasted 00:10:19 (3464 turns).

gelatine the Chopper (Demonspawn Gladiator)         Turns: 3464, Time: 00:10:20

Health: -5/51      AC:  5    Str: 17    XL:     7   Next: 10%
Magic:  10/10      EV: 12    Int: 13    God:
Gold:   187        SH:  0    Dex: 14    Spells: 9/10 levels left

rFire   . . .        j - +5 mace "Riuti" {pain, rCorr Int+4}
rCold   . . .        (no shield)
rNeg    . . .        b - +0 leather armour
rPois   .            (helmet restricted)
rElec   .            e - +0 cloak
rCorr   +            (no gloves)
SInv    .            l - +0 pair of boots
Will    .....        (no amulet)
Stlth   +            (no ring)
HPRegen 0.28/turn    (no ring)
MPRegen 0.24/turn

%: no passive effects
@: no status effects
A: antennae 1, powered by death 1, magic regeneration
a: no special abilities


You were on level 4 of the Dungeon.
You visited 1 branch of the dungeon, and saw 4 of its levels.

You collected 187 gold pieces.

Inventory:

Hand Weapons
 a - a +0 war axe
 i - a +1 shortbow of flaming
 j - the +5 mace "Riuti" (weapon) {pain, rCorr Int+4}
   (You found it on level 4 of the Dungeon)

   Int+4:     It affects your intelligence (+4).
   rCorr:     It protects you from acid and corrosion.
Missiles
 m - a javelin
Armour
 b - a +0 leather armour (worn)
 c - a +0 helmet
 e - a +0 cloak (worn)
 l - a +0 pair of boots (worn)
Jewellery
 f - a +5 ring of evasion
Scrolls
 g - a scroll of silence {unknown}
 h - 6 scrolls of identify {unknown}
 o - 2 scrolls of brand weapon {unknown}
 p - a scroll of summoning {unknown}
 q - a scroll of revelation {unknown}
 r - a scroll of vulnerability {unknown}
 s - a scroll of amnesia {unknown}
 t - a scroll of poison {unknown}
 u - a scroll of teleportation {unknown}


   Skills:
 * Level 2.9 Fighting
 * Level 5.0 Axes
 + Level 1.8 Ranged Weapons
 + Level 1.9 Throwing
 * Level 1.6 Armour
 * Level 3.4 Dodging
 + Level 0.3 Stealth
 * Level 2.1 Spellcasting
 * Level 2.0 Summonings


You had 9 spell levels left.
You knew the following spells:

 Your Spells              Type           Power      Damage    Failure   Level
a - Summon Small Mammal   Summ           24%        N/A       13%         1

Your spell library contained the following spells:

 Spells                   Type           Power      Damage    Failure   Level
 Call Canine Familiar     Summ           6%         N/A       36%         3
 Summon Guardian Golem    Hex/Summ       4%         N/A       52%         3


Dungeon Overview and Level Annotations

Branches:
Dungeon (4/15)
 Temple: D:4-7

Altars:
Gozag
Hepliaklqana
Okawaru
Wu Jian

Shops:
D:3 *

Annotations:
D:4 1 transporter, superbruh's ghost, amateur MiFi


Innate Abilities, Weirdness & Mutations

You have a pair of small antennae on your head.
You regenerate a little health from kills.
You regenerate magic rapidly.


Message History

Your rat's corpse disappears in a puff of smoke!
You throw a throwing net. The throwing net hits the ogre.
The ogre is caught in the net!
The ogre struggles against the net.
Your rat closely misses the ogre.
The ogre barely misses your rat. Superbruh's ghost hits your rat.
Your rat dies!
Your rat's corpse disappears in a puff of smoke!
The ogre struggles against the net.
You hit the ogre.
The ogre is moderately wounded.
The ogre struggles against the net.
You hit the ogre.
The ogre is moderately wounded.
Superbruh's ghost closely misses you. The ogre hits you with a +5 giant club!
The ogre struggles against the net.
You hit the ogre.
The ogre is heavily wounded.
Superbruh's ghost hits you!
The ogre struggles against the net.
The ogre hits you with a +5 giant club!!
* * * LOW HITPOINT WARNING * * *
The ogre struggles against the net.
You feel much better.
The ogre struggles against the net.
The net rips apart, and the ogre comes free!
Superbruh's ghost hits you!
You hit superbruh's ghost.
Superbruh's ghost is lightly damaged.
Superbruh's ghost hits you. Superbruh's ghost misses you.
You barely miss superbruh's ghost.
Superbruh's ghost is lightly damaged.
Superbruh's ghost hits you.
You hit superbruh's ghost.
Superbruh's ghost is lightly damaged.
The ogre hits you with a +0 giant spiked club!
* * * LOW HITPOINT WARNING * * *
Superbruh's ghost hits you.
* * * LOW HITPOINT WARNING * * *
Superbruh's ghost attacks as it pursues you!
Superbruh's ghost closely misses you. The ogre closely misses you.
The ogre attacks as it pursues you! The ogre hits you with a +5 giant club.
You die...

###########.##.###.....####.
#.............#...##.
#.....©.©..........'.
####################.
##....$(....©## #.
#.#..#.#..#.# #.
#..##...##..# ####.
#..##...##..# #....
#.#@O#.#..#.# #....
#...OW©.....# #....
###################. #......
#...... #...... ##......
#############.......
#..........##.......


You could see 2 ogres and superbruh's ghost.

Vanquished Creatures
  Sigmund (D:3)
  2 orc priests (D:4)
  A hound (D:4)
  Jessica (D:2)
  2 orc wizards (D:4)
  Natasha (thrice) (D:3)
  Robin (D:2)
  4 gnolls
  An adder (D:2)
  2 worms
  4 dart slugs
  8 orcs (D:4)
  5 bats
  6 endoplasms
  3 giant cockroaches
  13 goblins
  11 hobgoblins
  5 jackals
  A quokka (D:1)
  8 ball pythons
  4 frilled lizards
  6 kobolds
  4 rats
96 creatures vanquished.

Vanquished Creatures (collateral kills)
  A goblin (D:4)
  A kobold (D:4)
2 creatures vanquished.

Grand Total: 98 creatures vanquished

Notes
Turn   | Place    | Note
-------+----------+-------------------------------------------
     0 | D:1      | gelatine the Demonspawn Gladiator began the quest for the
                  | Orb.
     0 | D:1      | Reached XP level 1. HP: 16/16 MP: 1/1
   448 | D:1      | Gained mutation: You regenerate magic rapidly. [demonic
                  | ancestry]
   448 | D:1      | Reached XP level 2. HP: 22/22 MP: 2/2
   466 | D:1      | Reached skill level 3 in Axes
   633 | D:1      | Reached skill level 1 in Ranged Weapons
   633 | D:1      | Reached XP level 3. HP: 23/27 MP: 3/3
   881 | D:1      | Learned a level 1 spell: Summon Small Mammal
  1000 | D:2      | Noticed Jessica
  1002 | D:2      | Killed Jessica
  1041 | D:2      | Found an ornate altar of the Wu Jian Council.
  1109 | D:2      | Gained mutation: You regenerate a little health from kills.
                  | [demonic ancestry]
  1109 | D:2      | Reached XP level 4. HP: 33/33 MP: 4/4
  1471 | D:2      | Noticed Robin
  1489 | D:2      | Killed Robin
  1855 | D:3      | Found an opulent altar of Gozag.
  1876 | D:3      | Found a hazy altar of Hepliaklqana.
  1916 | D:3      | Noticed Sigmund
  1940 | D:3      | HP: 1/33 [something (7)]
  1950 | D:3      | Killed Sigmund
  1951 | D:3      | Reached skill level 4 in Axes
  1951 | D:3      | Reached skill level 1 in Armour
  1951 | D:3      | Reached skill level 1 in Summonings
  1951 | D:3      | Gained mutation: You have a pair of small antennae on your
                  | head. [demonic ancestry]
  1951 | D:3      | Reached XP level 5. HP: 39/39 MP: 4/6
  1951 | D:3      | Reached XP level 6. HP: 46/46 MP: 4/7
  1961 | D:3      | Reached skill level 1 in Spellcasting
  2228 | D:3      | Noticed Natasha
  2234 | D:3      | Killed Natasha
  2297 | D:3      | Found Gozag's Platinum Reserve.
  2347 | D:3      | Noticed Natasha
  2360 | D:3      | Killed Natasha
  2369 | D:3      | Noticed Natasha
  2375 | D:3      | Killed Natasha
  2923 | D:4      | Reached skill level 5 in Axes
  2981 | D:4      | Identified the +5 mace "Riuti" {pain, rCorr Int+4}
  3048 | D:4      | Reached XP level 7. HP: 49/51 MP: 10/10
  3168 | D:4      | Found a transporter.
  3172 | D:4      | Noticed superbruh's ghost (amateur MiFi)
  3198 | D:4      | Found an iron altar of Okawaru.
  3400 | D:4      | Found a transporter.
  3462 | D:4      | HP: 1/51 [superbruh's ghost (2)]
  3464 | D:4      | Slain by an ogre

Illustrated notes

Levels and vault maps discovered:
D:1:      dpeg_arrival_lava_altar, layout_basic
D:2:      layout_loops_corners, basic_altar, uniq_robin, uniq_jessica
D:3:      layout_loops_ring, nicolae_gozag_zags_fifth_avenue,
          nicolae_overflow_crystal_walls, uniq_sigmund, uniq_natasha
D:4:      layout_basic, okawaru_trees_2, gammafunk_ghost_smash

Skill      XL: |  1  2  3  4  5  6  7 |
---------------+----------------------+-----
Dodging        | 3 |  3.4
Axes           | 3 4 5 |  5.0
Ranged Weapons | 1 |  1.8
Armour         | 1 |  1.6
Summonings     | 1 2 |  2.0
Spellcasting   | 2 |  2.1
Fighting       | |  2.9
Throwing       | |  1.9
Stealth        | |  0.3

Action                     |  1- 3 |  4- 6 |  7- 9 || total
---------------------------+-------+-------+-------++-------
  Melee: War axe           |    45 |   199 |       ||   244
         Punch             |     1 |     1 |       ||     2
         Mace              |       |    10 |    33 ||    43
   Fire: Shortbow          |    37 |       |       ||    37
  Throw: Throwing net      |     1 |     7 |     2 ||    10
         Javelin           |     1 |     2 |       ||     3
   Cast: Summon Small Mamm |       |       |    10 ||    10
    Use: Potion            |       |     4 |     1 ||     5
   Stab: Sleeping          |     1 |     2 |       ||     3
 Armour: Leather armour    |    42 |   166 |    21 ||   229
         Skin              |       |    16 |       ||    16
  Dodge: Dodged            |    47 |   144 |    24 ||   215

Table legend: (Time is in decaauts)
 A = Elapsed time spent in this place.
 B = Non-inter-level travel time spent in this place.
 C = Inter-level travel time spent in this place.
 D = Time resting spent in this place.
 E = Time spent auto-exploring this place.
 F = Levels seen in this place.
 G = Mean time per level.
                   A        B        C        D        E       F      G
               +--------+--------+--------+--------+--------+-----+--------+
         Total |   3585 |   3504 |     81 |      0 |   2623 |   4 |  896.2 |
       Dungeon |   3585 |   3504 |     81 |      0 |   2623 |   4 |  896.2 |
               +--------+--------+--------+--------+--------+-----+--------+

Top non-repeatable levels by time:
     D:1: 969 daAuts
     D:2: 938 daAuts
     D:4: 916 daAuts
     D:3: 760 daAuts
